Unix NetHack Version 5.0.0-0 post-release - last build Jun 10 2026 00:39:30 (3ee93aec679c4c4259841fe613dc97188e26a321,branch:main).

Game began 2026-06-15 17:24:13, ended 2026-06-15 18:42:49.

LDaviesPeters, neutral female human Archeologist

                                 -----  ------
                                 |...|  |....|
                                 |...----..`.|
                                 |........``.|
                                 |..--->---..|
                                ---.---------|
                                |j....|<.^.^.|
                                |.....|----..|
                                |...q.|   |.--
                                |....@-----^|
                                |.....^.....|
                                ----------..|
                                         ----

LDaviesPeters the Field Worker  St:13 Dx:10 Co:15 In:18 Wi:14 Ch:12  Neutral
Dlvl:6  $:0  HP:0(45) Pw:20(20) AC:3  Xp:5 T:3886 

Latest messages:
 You decipher the label on your scroll labeled VENZAR BORGAVVE.
 G - a scroll of earth.
 You see here a scroll of earth.
 H - a scroll of earth.
 The boulder suddenly rolls away from you!
 You hear a boulder fall.
 Click!  You trigger a rolling boulder trap!
 No boulder was released.
 With great effort you move the boulder.
 The boulder suddenly rolls away from you!
 Thump!
 You escape a rolling boulder trap.
 The boulder suddenly rolls away from you!
 You hear a boulder fall.
 Click!  You trigger a rolling boulder trap!
 No boulder was released.
 The rothe hits!
 The rothe bites!
 The rothe just misses!
 You miss the rothe.
 The rothe hits!
 The rothe bites!
 The rothe bites again!
 You miss the rothe.
 The rothe hits!
 The rothe bites!
 The rothe bites again!
 You miss the rothe.
 The rothe hits!
 The rothe misses!
 The rothe misses!
 You miss the rothe.
 The rothe hits!
 The rothe bites!
 The rothe misses!
 You miss the rothe.
 You lash the rothe.
 The rothe hits!
 The rothe bites!
 The rothe bites again!
 You miss the rothe.
 The rothe hits!
 The rothe bites!
 The rothe misses!
 You lash the rothe.
 The rothe hits!
 The rothe bites!
 The rothe bites again!
 You die...
 Do you want your possessions identified? [ynq] (y) q

Inventory:
 Weapons  (')')
  k - 8 +0 silver arrows
  n - 11 blessed +1 darts
  D - 6 +0 darts
  t - 8 cursed +0 darts
  Z - 11 blessed +1 shuriken
  U - a +0 elven dagger
  i - a +0 orcish dagger
  a - a +2 bullwhip (weapon in left hand)
 Armor    ('[')
  z - an uncursed +0 orcish helm (being worn)
  o - an uncursed +0 pair of iron shoes (being worn)
  O - an uncursed +0 shield of reflection (being worn)
  V - a blessed +1 dwarvish cloak (being worn)
  h - an uncursed +0 leather jacket (being worn)
 Comestibles  ('%')
  A - an uncursed slime mold
  E - 2 uncursed food rations
  u - a cursed food ration
  q - an uncursed tripe ration
 Scrolls  ('?')
  H - a blessed scroll of earth
  G - an uncursed scroll of earth
  r - an uncursed scroll of teleportation
 Rings    ('=')
  F - an uncursed ring of free action
 Wands    ('/')
  s - a wand of slow monster (0:5)
  C - a wand of undead turning (0:5)
 Tools    ('(')
  b - an uncursed sack containing 5 items
  B - an uncursed blindfold
  l - an uncursed oil lamp
  w - 7 cursed tallow candles
  e - an uncursed tin whistle
  f - a tinning kit (0:30)
 Gems/Stones  ('*')
  m - an uncursed jet stone
  g - an uncursed touchstone

Contents of the sack:
  180 gold pieces
  3 uncursed scrolls of blank paper
  an uncursed scroll of food detection
  2 uncursed scrolls of teleportation
  a +0 pick-axe

LDaviesPeters the Archeologist's attributes:

Background:
 You were a Field Worker, a level 5 female human Archeologist.
 You were neutral, on a mission for Camaxtli
 who was opposed by Quetzalcoatl (lawful) and Huhetotl (chaotic).
 You were left-handed.
 You were in Sokoban, on level 6.
 You entered the dungeon 3886 turns ago.
 There was a new moon in effect when your adventure ended.
 You had 227 experience points, 93 more were needed to attain level 6.

Basics:
 You had 0 out of 45 hit points.
 You had all 20 energy points (spell power).
 Your armor class was 3.
 Your wallet was empty, but
 you had 180 zorkmids stashed away in your pack.
 Autopickup was off.

Final Characteristics:
 Your strength was 13 (limit:18/100).
 Your dexterity was 10 (limit:18).
 Your constitution was 15 (limit:18).
 Your intelligence was 18 (limit:18).
 Your wisdom was 14 (limit:18).
 Your charisma was 12 (limit:18).

Final Status:
 You weren't hungry.
 You were unencumbered.
 You were wielding a whip.
 You had basic skill with whip and could have enhanced that.

Final Attributes:
 You were piously aligned.
 Your items were somewhat protected from fire.
 Your items were somewhat protected from cold.
 You had automatic searching.
 You were stealthy.
 You were warded.
 You had reflection.
 You are dead.

Miscellaneous:
 You didn't encounter any bones levels.
 Total elapsed playing time was 1 hour, 18 minutes and 36 seconds.

Major events:
 Turn
    1: LDaviesPeters the neutral female human Archeologist entered the dungeon
 1716: entered the Gnomish Mines
 2021: attained the rank of Field Worker (level 3)
 3734: entered Sokoban
 3886: killed by a rothe

You didn't know any spells.

Skills:
 Fighting Skills
   bare handed combat [Unskilled]
   two weapon combat  [Unskilled]
   riding             [Unskilled]
 Weapon Skills
   dagger             [Unskilled]
   knife              [Unskilled]
   pick-axe           [Basic]
   short sword        [Unskilled]
   saber              [Unskilled]
   club               [Unskilled]
   quarterstaff       [Unskilled]
   sling              [Unskilled]
   dart               [Unskilled]
   boomerang          [Unskilled]
   whip               [Basic]
   unicorn horn       [Unskilled]
 Spellcasting Skills
   attack spells      [Unskilled]
   healing spells     [Unskilled]
   divination spells  [Unskilled]
   matter spells      [Unskilled]

Voluntary challenges:
 Character rerolling was not enabled.
 You never genocided any monsters.
 You never polymorphed an object.
 You never changed form.
 You used no wishes.
 You did not violate any of the special Sokoban rules.
Achievements:
 You entered a shop.
 You entered the Gnomish Mines.
 You attained the rank of Field Worker.
 You entered Sokoban.

 The Dungeons of Doom: levels 1 to 7
    Level 1:
       A sink.
    Level 2:
       A general store, a fountain, a grave.
    Level 3:
       An armor shop.
       Stairs down to The Gnomish Mines.
    Level 4:
    Level 5:
       Some fountains.
    Level 6:
       Many fountains.
    Level 7:
       Stairs up to Sokoban, level 6.
 The Gnomish Mines:
    Level 4:
 Sokoban:
    Level 6: <- You were here.
       Unsolved.
       Final resting place for
          you, killed by a rothe.


Vanquished creatures:
  a leprechaun
  a yellow light
  a shrieker
  3 gray oozes
  a paper golem
  a floating eye
  a kitten
  a dwarf
  a homunculus
  2 hill orcs
  4 rothes
  a giant bat
 an iguana
  a gas spore
  a hobbit
  a manes
  2 large kobolds
  a hobgoblin
  a giant rat
  2 cave spiders
  2 garter snakes
  3 geckos
  2 jackals
  a kobold
  a goblin
  2 sewer rats
  3 grid bugs
  5 lichens
  3 kobold zombies
  5 newts
55 creatures vanquished.

No species were genocided or became extinct.

Game over:
                       ----------
                      /          \
                     /    REST    \
                    /      IN      \
                   /     PEACE      \
                  /                  \
                  |  LDaviesPeters   |
                  |      180 Au      |
                  |   killed by a    |
                  |      rothe       |
                  |                  |
                  |                  |
                  |       2026       |
                 *|     *  *  *      | *
        _________)/\\_//(\/(/\)/\//\/|_)_______

Goodbye LDaviesPeters the Archeologist...

You died in Sokoban on dungeon level 6 with 1370 points,
and 180 pieces of gold, after 3886 moves.
You were level 5 with a maximum of 45 hit points when you died.

